[Event "37th Zalakaros Festival 2018"]
[Site "Zalakaros"]
[Date "2018.05.28"]
[Round "4"]
[White "Kosztolanczi, Gyula"]
[Black "Krykun, Yuriy"]
[Result "1/2-1/2"]
[ECO "C54"]
[WhiteElo "2130"]
[BlackElo "2338"]
[Annotator "NA"]
[PlyCount "72"]
[EventDate "2018.??.??"]
[EventType "swiss"]
[EventCountry "HUN"]
[SourceTitle "playchess.com"]
[Source "ChessBase"]
[SourceQuality "1"]
[TimeControl "40/5400+30:1800+30"]

1. e4 e5 2. Nf3 Nc6 3. Bc4 Bc5 4. c3 Nf6 5. d4 exd4 6. e5 d5 7. Bb5 Ne4 8. cxd4 Bb6 9. h3 O-O 10. Nc3 Ne7 11. Bd3 Bf5 12. Qc2 Nxc3 13. Bxf5 Nxf5 14. bxc3 Qd7 15. Ba3 Rfc8 16. g4 Ne7 17. O-O Ng6 18. Ng5 f6 19. e6 Qc6 20. Nxh7 Kxh7 21. Qf5 Qe8 22. Qxd5 c6 23. Qe4 Rd8 24. h4 Kg8 25. h5 Ne7 26. f4 f5 27. gxf5 Rd5 28. f6 gxf6 29. f5 Kh7 30. Rf2 Rad8 31. Raf1 Rxd4 32. cxd4 Rxd4 33. Qf3 Rh4 34. Bxe7 Qg8+ 35. Qg2 Rg4 36. Kh1 Qg5 1/2-1/2

[Event "37th Zalakaros Festival 2018"]
[Site "Zalakaros"]
[Date "2018.05.28"]
[Round "4"]
[White "Gombocz, Ferenc Jr"]
[Black "Papp, Gellert"]
[Result "1-0"]
[ECO "A15"]
[WhiteElo "2077"]
[BlackElo "2325"]
[Annotator "NA"]
[PlyCount "53"]
[EventDate "2018.??.??"]
[EventType "swiss"]
[EventCountry "HUN"]
[SourceTitle "playchess.com"]
[Source "ChessBase"]
[SourceQuality "1"]
[TimeControl "40/5400+30:1800+30"]

1. c4 Nf6 2. g3 g6 3. Bg2 Bg7 4. Nc3 O-O 5. e4 c5 6. Nge2 Nc6 7. O-O d6 8. d3 a6 9. h3 Rb8 10. Be3 b5 11. cxb5 axb5 12. d4 Nd7 13. Rc1 b4 14. Nd5 e6 15. dxc5 Nxc5 16. Bxc5 dxc5 17. Ne3 Bxb2 18. Rxc5 Nd4 19. Nxd4 Bxd4 20. Rc4 Bc3 21. Qc2 Ba6 22. Rd1 Qa5 23. Rc6 Ra8 24. e5 Qxe5 25. Ng4 Qe2 26. Qb3 Ra7 27. Bf1 1-0

[Event "37th Zalakaros Festival 2018"]
[Site "Zalakaros"]
[Date "2018.05.28"]
[Round "4"]
[White "Joo, Janos"]
[Black "Vegh, Endre"]
[Result "1/2-1/2"]
[ECO "B07"]
[WhiteElo "2071"]
[BlackElo "2264"]
[Annotator "NA"]
[PlyCount "135"]
[EventDate "2018.??.??"]
[EventType "swiss"]
[EventCountry "HUN"]
[SourceTitle "playchess.com"]
[Source "ChessBase"]
[SourceQuality "1"]
[TimeControl "40/5400+30:1800+30"]

1. e4 d6 2. d4 Nf6 3. Nc3 c6 4. f4 Qa5 5. Bd3 e5 6. Nf3 Nbd7 7. O-O Be7 8. Be3 O-O 9. Qe1 Qc7 10. Kh1 Re8 11. fxe5 dxe5 12. dxe5 Nxe5 13. Nxe5 Qxe5 14. Bf4 Qh5 15. e5 Nd5 16. Nxd5 cxd5 17. Rd1 Bg4 18. Rd2 Bg5 19. Rdf2 Bh4 20. g3 Bd8 21. Be2 Bb6 22. Bxg4 Qxg4 23. Qe2 Qe6 24. Rg2 f6 25. Re1 g5 26. Bc1 Qxe5 27. Qxe5 Rxe5 28. Rxe5 fxe5 29. Re2 e4 30. Bxg5 Re8 31. c3 Kf7 32. Kg2 Ke6 33. Bh6 Kd6 34. Re1 Kc5 35. Kf1 Kc4 36. Ke2 Re6 37. Bg7 Re7 38. b3+ Kb5 39. Bf6 Rf7 40. Rf1 Bc7 41. Rf2 Kc6 42. g4 Bxh2 43. Rxh2 Rxf6 44. Rxh7 Rg6 45. Rh4 b5 46. Ke3 Kc5 47. Kf4 Rg8 48. Rh3 Rf8+ 49. Ke3 Re8 50. g5 a5 51. a3 a4 52. bxa4 bxa4 53. g6 Kc4 54. Rh5 Rg8 55. Rg5 Kxc3 56. Rxd5 Rxg6 57. Kxe4 Kb3 58. Rd3+ Kb2 59. Ke3 Rb6 60. Kd2 Rb3 61. Rd4 Kxa3 62. Rc4 Rb2+ 63. Kc1 Rg2 64. Rc3+ Kb4 65. Rc2 Rg1+ 66. Kb2 a3+ 67. Ka2 Rd1 68. Rg2 1/2-1/2

[Event "37th Zalakaros Festival 2018"]
[Site "Zalakaros"]
[Date "2018.05.28"]
[Round "4"]
[White "Virag, Balint"]
[Black "Doric, Nenad"]
[Result "0-1"]
[ECO "C84"]
[WhiteElo "2065"]
[BlackElo "2250"]
[Annotator "NA"]
[PlyCount "72"]
[EventDate "2018.??.??"]
[EventType "swiss"]
[EventCountry "HUN"]
[SourceTitle "playchess.com"]
[Source "ChessBase"]
[SourceQuality "1"]
[TimeControl "40/5400+30:1800+30"]

1. e4 e5 2. Nf3 Nc6 3. Bb5 a6 4. Ba4 Nf6 5. O-O Be7 6. d3 d6 7. Nc3 O-O 8. h3 b5 9. Bb3 Na5 10. Be3 Bb7 11. Nd2 Nxb3 12. axb3 d5 13. Bg5 dxe4 14. Ncxe4 Nd5 15. Bxe7 Qxe7 16. Nf3 f5 17. Ned2 Qf6 18. Re1 Rae8 19. g3 e4 20. dxe4 fxe4 21. Nxe4 Qxf3 22. Qxf3 Rxf3 23. c4 Ne7 24. Nc5 Bc8 25. Nxa6 Bxa6 26. Rxa6 Kf7 27. cxb5 Rxb3 28. Ra3 Rxa3 29. bxa3 Ra8 30. Rc1 Nd5 31. Rc5 Ke6 32. Rc6+ Ke5 33. f4+ Kd4 34. Kf2 Rxa3 35. Rc1 Nc3 36. Re1 Ne4+ 0-1

[Event "37th Zalakaros Festival 2018"]
[Site "Zalakaros"]
[Date "2018.05.29"]
[Round "5"]
[White "Meszaros, Tamas"]
[Black "Chubar, Vladimir"]
[Result "1-0"]
[ECO "C10"]
[WhiteElo "2407"]
[BlackElo "2011"]
[Annotator "NA"]
[PlyCount "101"]
[EventDate "2018.??.??"]
[EventType "swiss"]
[EventCountry "HUN"]
[SourceTitle "playchess.com"]
[Source "ChessBase"]
[SourceQuality "1"]
[TimeControl "40/5400+30:1800+30"]

1. e4 e6 2. d4 d5 3. Nd2 dxe4 4. Nxe4 Bd7 5. Nf3 Bc6 6. Bd3 Nd7 7. Qe2 Be7 8. Neg5 Bxf3 9. Nxf3 Ngf6 10. O-O O-O 11. c4 c6 12. b3 a5 13. a3 Re8 14. Bb2 g6 15. Bc3 Nh5 16. g3 Qb6 17. Qb2 Bf6 18. Ne5 Nxe5 19. dxe5 Be7 20. b4 axb4 21. axb4 Rxa1 22. Rxa1 Rd8 23. Be4 Ng7 24. Qa3 Nf5 25. Qa7 Qc7 26. Kg2 Rd7 27. Qa5 Kg7 28. Qxc7 Rxc7 29. Ra7 Bf8 30. Ra8 b5 31. c5 Ne7 32. Bd2 h6 33. Bxh6+ Kxh6 34. Rxf8 Nd5 35. Bxd5 exd5 36. Rd8 Kg5 37. f4+ Kf5 38. Kf3 Ra7 39. g4+ Ke6 40. Rd6+ Ke7 41. f5 g5 42. f6+ Ke8 43. Rxc6 Ra3+ 44. Kf2 Rb3 45. Rc7 Rxb4 46. c6 Kd8 47. Rxf7 Rxg4 48. e6 Rf4+ 49. Kg3 Re4 50. Rd7+ Kc8 51. f7 1-0

[Event "37th Zalakaros Festival 2018"]
[Site "Zalakaros"]
[Date "2018.05.29"]
[Round "5"]
[White "Fancsy, Imre"]
[Black "Jamrich, Gyorgy"]
[Result "1/2-1/2"]
[ECO "A06"]
[WhiteElo "2388"]
[BlackElo "2213"]
[Annotator "NA"]
[PlyCount "87"]
[EventDate "2018.??.??"]
[EventType "swiss"]
[EventCountry "HUN"]
[SourceTitle "playchess.com"]
[Source "ChessBase"]
[SourceQuality "1"]
[TimeControl "40/5400+30:1800+30"]

1. Nf3 d5 2. c4 c6 3. g3 dxc4 4. Bg2 Nd7 {[%emt 0:00:15] A11: English Opening: 1...c6} 5. O-O Nb6 6. a4 a5 7. Na3 Nf6 8. Qc2 Bg4 ({Predecessor:} 8... g6 9. Nxc4 Nxc4 10. Qxc4 Bg7 11. d3 O-O 12. Bd2 Nd5 13. Qc1 Qb6 14. Bc3 {½-½ (54) Pantsulaia,L (2595)-Grachev,B (2705) Plovdiv 2012}) 9. Nxc4 Nxc4 10. Qxc4 Bxf3 11. Bxf3 e6 12. d4 Bb4 13. e4 O-O 14. Be3 Qe7 15. h3 Rfe8 16. Bg2 e5 17. dxe5 Qxe5 18. Bd4 Qe6 19. Qxe6 fxe6 20. Rfd1 Rad8 21. Bb6 Rd7 22. f3 Ree7 23. Bf1 Rxd1 24. Rxd1 Rd7 25. Be2 Rxd1+ 26. Bxd1 Nd7 27. Bc7 Kf7 28. f4 Ke7 29. Bc2 Bc5+ 30. Kg2 Bb6 31. Bxb6 Nxb6 32. Kf3 Nc4 33. b3 Nb6 34. e5 h6 35. Ke3 Nd5+ 36. Kd4 b6 37. Be4 Nb4 38. h4 Kf7 39. h5 Ke7 40. g4 Kf7 $1 41. Bg6+ (41. f5 $16) 41... Ke7 42. Be4 (42. Bd3 $16) 42... Kf7 43. Bh7 Nd5 $14 44. Bg6+ $1 1/2-1/2

[Event "37th Zalakaros Festival 2018"]
[Site "Zalakaros"]
[Date "2018.05.29"]
[Round "5"]
[White "Szeberenyi, Adam"]
[Black "Czupor, Attila"]
[Result "1-0"]
[ECO "D11"]
[WhiteElo "2372"]
[BlackElo "2209"]
[Annotator "NA"]
[PlyCount "67"]
[EventDate "2018.??.??"]
[EventType "swiss"]
[EventCountry "HUN"]
[SourceTitle "playchess.com"]
[Source "ChessBase"]
[SourceQuality "1"]
[TimeControl "40/5400+30:1800+30"]

1. d4 d5 2. c4 c6 3. e3 Nf6 4. Nf3 e6 5. Bd3 Nbd7 6. Nbd2 Bd6 7. O-O O-O 8. e4 e5 9. cxd5 cxd5 10. exd5 exd4 11. Ne4 Nxe4 12. Bxe4 Nf6 13. Bg5 Be7 14. Bc2 h6 15. Bh4 Nxd5 16. Bxe7 Nxe7 17. Qxd4 Be6 18. Rfe1 Re8 19. Ba4 Nc6 20. Qc5 Qb6 21. Qxb6 axb6 22. Bb5 Red8 23. a3 Na5 24. Rac1 Rac8 25. Rxc8 Rxc8 26. Nd4 Bd5 27. Nf5 Rc5 28. b4 Rxb5 29. Nd6 Rc5 30. bxc5 bxc5 31. Re5 Bc6 32. Rxc5 Nb3 33. Re5 Kf8 34. Nxb7 {[%emt 0:00:34] Ke7} 1-0

[Event "37th Zalakaros Festival 2018"]
[Site "Zalakaros"]
[Date "2018.05.29"]
[Round "5"]
[White "Krykun, Yuriy"]
[Black "Kareva, Natalia"]
[Result "1-0"]
[ECO "A92"]
[WhiteElo "2338"]
[BlackElo "2206"]
[Annotator "ChessBase"]
[PlyCount "131"]
[EventDate "2018.??.??"]
[EventType "swiss"]
[EventCountry "HUN"]
[SourceTitle "playchess.com"]
[Source "ChessBase"]
[SourceQuality "1"]
[TimeControl "40/5400+30:1800+30"]

1. d4 f5 2. g3 Nf6 3. Bg2 e6 4. Nf3 Be7 5. O-O O-O 6. c4 Ne4 7. d5 Bf6 8. Nbd2 Nc5 9. Nb3 Qe7 10. Nxc5 Qxc5 11. Qd3 Na6 12. Be3 Qe7 13. Qc2 Nc5 14. Rad1 a5 15. Nd4 Bxd4 16. Bxd4 e5 17. Bxc5 Qxc5 18. d6 c6 19. g4 b5 20. gxf5 Qxc4 21. Qxc4+ bxc4 22. Be4 Ba6 23. Rd2 Rab8 24. f3 Rb6 25. Rc1 Rfb8 26. Rcc2 Kf7 27. Kf2 Kf6 28. Ke1 a4 29. a3 Rb3 30. Rc3 Rxb2 31. Rxb2 Rxb2 32. Bc2 Bb5 33. Kd2 Ra2 34. Kc1 Ra1+ 35. Bb1 Rxb1+ 36. Kxb1 Kxf5 37. Re3 g5 38. Kc2 h5 39. Kc3 c5 40. Re4 g4 41. Kd2 c3+ 42. Kxc3 Bc6 43. Rc4 Bb5 44. fxg4+ hxg4 45. e4+ Ke6 46. Rxc5 Bc6 47. Kd3 Kxd6 48. Rc1 Bb5+ 49. Ke3 Ke6 50. Rg1 d5 51. Rxg4 d4+ 52. Kd2 Kf6 53. h4 Bd7 54. Rg8 Bc6 55. Kd3 Bb5+ 56. Kd2 Bc6 57. Rc8 Bxe4 58. Rc4 Bf3 59. Rxa4 Ke6 60. Rb4 Kd5 61. Rb5+ Kd6 62. a4 e4 63. h5 e3+ 64. Kd3 Bg2 65. Kxd4 Bc6 66. Kxe3 {Kd5 Ke4+} 1-0

[Event "37th Zalakaros Festival 2018"]
[Site "Zalakaros"]
[Date "2018.05.29"]
[Round "5"]
[White "Ianov, Viktor"]
[Black "Horak, Jiri"]
[Result "1/2-1/2"]
[ECO "A13"]
[WhiteElo "2285"]
[BlackElo "2131"]
[Annotator "NA"]
[PlyCount "64"]
[EventDate "2018.??.??"]
[EventType "swiss"]
[EventCountry "HUN"]
[SourceTitle "playchess.com"]
[Source "ChessBase"]
[SourceQuality "1"]
[TimeControl "40/5400+30:1800+30"]

1. c4 e6 2. g3 d5 3. Bg2 Nf6 4. Nf3 c6 5. Qc2 Nbd7 6. O-O Be7 7. d4 Ne4 8. Rd1 O-O 9. Nc3 f5 10. b3 Ndf6 11. Ne5 Bd7 12. Bb2 Be8 13. Rac1 Nd7 14. Nd3 g5 15. f3 Nxc3 16. Bxc3 Bg6 17. Qd2 Rf7 18. Qe3 Nf8 19. Ne5 Rg7 20. Qd2 Nd7 21. Nxg6 Rxg6 22. e4 Nf6 23. cxd5 cxd5 24. e5 Ne8 25. Bf1 Rg7 26. Ba5 b6 27. Bc3 g4 28. f4 Ba3 29. Bb2 Bxb2 30. Qxb2 Rc8 31. Ba6 Rxc1 32. Rxc1 Rc7 1/2-1/2

[Event "37th Zalakaros Festival 2018"]
[Site "Zalakaros"]
[Date "2018.05.29"]
[Round "5"]
[White "Doric, Nenad"]
[Black "Gombocz, Ferenc Jr"]
[Result "1-0"]
[ECO "C42"]
[WhiteElo "2250"]
[BlackElo "2077"]
[Annotator "NA"]
[PlyCount "53"]
[EventDate "2018.??.??"]
[EventType "swiss"]
[EventCountry "HUN"]
[SourceTitle "playchess.com"]
[Source "ChessBase"]
[SourceQuality "1"]
[TimeControl "40/5400+30:1800+30"]

1. e4 e5 2. Nf3 Nf6 3. Nxe5 d6 4. Nf3 Nxe4 5. d4 d5 6. Bd3 Nc6 7. O-O Be7 8. c4 Nb4 9. cxd5 Nxd3 10. Qxd3 Qxd5 11. Re1 Bf5 12. Ne5 O-O 13. Nc3 Nxc3 14. Qxf5 Nb5 15. Ng6 Qxf5 16. Nxe7+ Kh8 17. Nxf5 g6 18. a4 Nd6 19. Nxd6 cxd6 20. Bf4 d5 21. Re7 b6 22. Rc1 Kg7 23. Rcc7 a6 24. Be5+ Kg8 25. Red7 b5 26. a5 Rac8 27. Rxf7 1-0

[Event "37th Zalakaros Festival 2018"]
[Site "Zalakaros"]
[Date "2018.05.29"]
[Round "5"]
[White "Suta, Andraz"]
[Black "Tompa, Janos"]
[Result "0-1"]
[ECO "B40"]
[WhiteElo "2212"]
[BlackElo "2372"]
[Annotator "NA"]
[PlyCount "62"]
[EventDate "2018.??.??"]
[EventType "swiss"]
[EventCountry "HUN"]
[SourceTitle "playchess.com"]
[Source "ChessBase"]
[SourceQuality "1"]
[TimeControl "40/5400+30:1800+30"]

1. e4 c5 2. Nf3 e6 3. d4 cxd4 4. Nxd4 Bc5 5. Nb3 Bb6 6. Bd3 Ne7 7. Qe2 Nbc6 8. Nc3 O-O 9. Be3 f5 10. Bxb6 Qxb6 11. exf5 Nxf5 12. O-O-O Nb4 13. g3 Nxd3+ 14. Rxd3 a5 15. a3 d5 16. Rhd1 Bd7 17. f4 Rac8 18. g4 Nd6 19. f5 Nc4 20. fxe6 Bxe6 21. a4 Rf2 22. Qe1 Rxh2 23. Nxd5 Bxd5 24. Rxd5 Ne3 25. R5d2 Rxc2+ 26. Kb1 Rhxd2 27. Rxd2 Qxb3 28. Rxc2 Qxc2+ 29. Ka2 Qxa4+ 30. Kb1 Qd1+ 31. Ka2 Qxe1 0-1

[Event "37th Zalakaros Festival 2018"]
[Site "Zalakaros"]
[Date "2018.05.29"]
[Round "5"]
[White "Karacsonyi, Gellert"]
[Black "Zentai, Peter"]
[Result "1-0"]
[ECO "C02"]
[WhiteElo "2208"]
[BlackElo "2327"]
[Annotator "NA"]
[PlyCount "47"]
[EventDate "2018.??.??"]
[EventType "swiss"]
[EventCountry "HUN"]
[SourceTitle "playchess.com"]
[Source "ChessBase"]
[SourceQuality "1"]
[TimeControl "40/5400+30:1800+30"]

1. e4 e6 2. d4 d5 3. e5 c5 4. c3 Nc6 5. Nf3 Bd7 6. Be2 f6 7. O-O fxe5 8. Nxe5 Nxe5 9. dxe5 Qc7 10. Bf4 O-O-O 11. b4 Ne7 12. bxc5 Ng6 13. Bg3 Bxc5 14. Nd2 Nxe5 15. c4 Bc6 16. cxd5 exd5 17. Nb3 Bd6 18. Nd4 Rde8 19. Rc1 Kb8 20. Bb5 Rc8 21. Bxc6 bxc6 22. Nb5 Qd7 23. Nxd6 Qxd6 24. Qd4 1-0

[Event "37th Zalakaros Festival 2018"]
[Site "Zalakaros"]
[Date "2018.05.29"]
[Round "5"]
[White "Pribelszky, Bence"]
[Black "Polajzer, Danilo"]
[Result "1-0"]
[ECO "B32"]
[WhiteElo "2187"]
[BlackElo "2273"]
[Annotator "NA"]
[PlyCount "79"]
[EventDate "2018.??.??"]
[EventType "swiss"]
[EventCountry "HUN"]
[SourceTitle "playchess.com"]
[Source "ChessBase"]
[SourceQuality "1"]
[TimeControl "40/5400+30:1800+30"]

1. e4 c5 2. Nf3 Nc6 3. d4 cxd4 4. Nxd4 e5 5. Nb5 d6 6. N1c3 a6 7. Na3 b5 8. Nd5 Nce7 9. c4 Nxd5 10. exd5 bxc4 11. Bxc4 Be7 12. O-O Nf6 13. Nc2 O-O 14. Qd3 a5 15. b3 Nd7 16. Ne3 Nc5 17. Qe2 f5 18. f3 Qb6 19. Kh1 Bd7 20. Ba3 f4 21. Nd1 Bf6 22. Rc1 e4 23. fxe4 Be5 24. Qf2 Bg4 25. Bxc5 dxc5 26. Ne3 Bd4 27. Rce1 g5 28. Nxg4 Bxf2 29. Rxf2 Rae8 30. e5 h5 31. d6+ Kg7 32. Nf6 Rxe5 33. Nxh5+ Kh6 34. Rxe5 Kxh5 35. Rd2 Qb4 36. Rdd5 Rg8 37. d7 Qc3 38. Be2+ Kg6 39. Rd6+ Kg7 40. Re7+ 1-0

[Event "37th Zalakaros Festival 2018"]
[Site "Zalakaros"]
[Date "2018.05.29"]
[Round "5"]
[White "Pasti, Aron"]
[Black "Kernazhitsky, Leonid"]
[Result "1-0"]
[ECO "B30"]
[WhiteElo "2064"]
[BlackElo "2250"]
[Annotator "NA"]
[PlyCount "89"]
[EventDate "2018.??.??"]
[EventType "swiss"]
[EventCountry "HUN"]
[SourceTitle "playchess.com"]
[Source "ChessBase"]
[SourceQuality "1"]
[TimeControl "40/5400+30:1800+30"]

1. e4 c5 2. Nf3 Nc6 3. c4 d6 4. d4 Bg4 5. d5 Nd4 6. Qa4+ Bd7 7. Qd1 Nxf3+ 8. Qxf3 g6 9. Be2 Bg7 10. O-O Nf6 11. Nc3 O-O 12. Qg3 Ne8 13. Bg4 Nc7 14. Bxd7 Qxd7 15. f4 b5 16. cxb5 Nxb5 17. Bd2 Nd4 18. Qd3 Rab8 19. b3 Rfc8 20. Rac1 f5 21. Ne2 fxe4 22. Qxe4 Qf5 23. Qxf5 gxf5 24. Nxd4 Bxd4+ 25. Kh1 Kf7 26. Rfe1 Bf6 27. Kg1 c4 28. bxc4 Rb2 29. Bc3 Rxa2 30. Bxf6 exf6 31. Re6 Rg8 32. g3 Rb8 33. Rxd6 Rbb2 34. c5 Rg2+ 35. Kh1 Rxh2+ 36. Kg1 Rag2+ 37. Kf1 Rf2+ 38. Kg1 Rhg2+ 39. Kh1 Rxg3 40. Rd7+ Kg6 41. Rg1 Rxg1+ 42. Kxg1 Rc2 43. c6 a5 44. c7 Kh5 45. d6 1-0

[Event "37th Zalakaros Festival 2018"]
[Site "Zalakaros"]
[Date "2018.05.31"]
[Round "7"]
[White "Radovanovic, Jovica"]
[Black "Virag, Balint"]
[Result "1-0"]
[ECO "A48"]
[WhiteElo "2311"]
[BlackElo "2065"]
[Annotator "NA RC"]
[PlyCount "75"]
[EventDate "2018.??.??"]
[EventType "swiss"]
[EventCountry "HUN"]
[SourceTitle "playchess.com"]
[Source "ChessBase"]
[SourceQuality "1"]
[TimeControl "40/5400+30:1800+30"]

1. d4 Nf6 2. Nf3 g6 3. c4 Bg7 4. Nc3 d5 5. cxd5 Nxd5 6. Bd2 Bg4 7. e4 Bxf3 8. Qxf3 Nb4 9. Rc1 N8c6 10. d5 Nd4 11. Qd1 a5 (11... O-O $142) 12. Nb5 (12. Be3 $16 c5 13. Qa4+ Kf8 14. Bc4) 12... Nxb5 13. Bxb5+ c6 14. Bxb4 cxb5 15. Bc3 Bxc3+ 16. Rxc3 O-O 17. O-O Qd6 18. Qc2 f5 $11 19. Re1 e5 20. exf5 gxf5 21. Qe2 Qxd5 22. Qxe5 Qxe5 23. Rxe5 b4 24. Rg3+ Kh8 25. h4 f4 26. Rg4 Rfd8 27. Rxf4 Rd1+ 28. Kh2 Rd2 29. Re7 Rxb2 30. Rff7 Rxa2 31. Rxh7+ Kg8 32. Reg7+ Kf8 33. Rxb7 Kg8 34. Rbg7+ Kf8 35. h5 Rxf2 36. h6 Ke8 37. Rg8+ Rf8 38. Rxf8+ {[%emt 0:00:07] Ra6} 1-0

[Event "37th Zalakaros Festival 2018"]
[Site "Zalakaros"]
[Date "2018.05.31"]
[Round "7"]
[White "Marosi, Levente"]
[Black "Tompa, Janos"]
[Result "1-0"]
[ECO "B48"]
[WhiteElo "2277"]
[BlackElo "2372"]
[Annotator "NA RC"]
[PlyCount "45"]
[EventDate "2018.??.??"]
[EventType "swiss"]
[EventCountry "HUN"]
[SourceTitle "playchess.com"]
[Source "ChessBase"]
[SourceQuality "1"]
[TimeControl "40/5400+30:1800+30"]

1. e4 c5 2. Nf3 e6 3. d4 cxd4 4. Nxd4 Nc6 5. Nc3 Qc7 6. Be3 a6 7. Qf3 Nf6 8. O-O-O b5 9. e5 b4 10. exf6 bxc3 11. Bf4 ({White should play} 11. Nxc6 $14 cxb2+ 12. Kxb2 Qxc6 13. Qxc6 dxc6 14. Bd4) 11... cxb2+ 12. Kb1 Nxd4 13. Rxd4 $11 Qb7 14. Qc3 gxf6 15. Rc4 Be7 16. Be2 Bd8 17. Bd6 Qb6 18. Bf3 Bb7 19. Bc5 Qc7 20. Bd4 Qb8 21. Rb4 Ba5 22. Bxb7 e5 23. Re1 1-0

[Event "37th Zalakaros Festival 2018"]
[Site "Zalakaros"]
[Date "2018.05.31"]
[Round "7"]
[White "Kareva, Natalia"]
[Black "Csonka, Attila Istvan"]
[Result "0-1"]
[ECO "E12"]
[WhiteElo "2206"]
[BlackElo "2372"]
[Annotator "NA RC"]
[PlyCount "78"]
[EventDate "2018.??.??"]
[EventType "swiss"]
[EventCountry "HUN"]
[SourceTitle "playchess.com"]
[Source "ChessBase"]
[SourceQuality "1"]
[TimeControl "40/5400+30:1800+30"]

1. Nf3 Nf6 2. d4 e6 3. c4 b6 4. a3 Ba6 5. e3 Be7 6. Bd3 c5 {[%emt 0:00:46] E12: Queen's Indian: Unusual White 4th moves, 4 a3, 4 Nc3 Bb7 5 a3 and 4 Nc3 Bb7} (6... d5 7. cxd5 Bxd3 8. Qxd3 exd5 9. O-O O-O 10. Nbd2 Nbd7 11. b3 Bd6 12. Bb2 Qe7 13. Rfc1 Rfe8 14. Rc2 {0-1 (40) Miton,K (2648)-Ivanchuk,V (2762) Montreal 2007}) 7. d5 exd5 8. cxd5 Bxd3 9. Qxd3 d6 10. O-O O-O 11. e4 Nbd7 12. h3 $146 ({Predecessor:} 12. Nc3 Re8 13. h3 Bf8 {1-0 (41) Jovanic,O (2541)-Kizov,A (2397) Porto San Giorgio 2009}) 12... Re8 13. Bf4 Nf8 14. Nc3 Ng6 15. Bh2 Nd7 16. Rad1 a6 17. a4 Qb8 18. Nd2 Bf6 19. f4 Ra7 20. Nf3 b5 21. axb5 $11 Bxc3 22. bxc3 axb5 23. Rfe1 Ra3 24. Qd2 Nb6 25. e5 Nc4 26. Qc1 f5 27. Nd2 Ra4 28. Nxc4 Rxc4 29. exd6 Rxe1+ 30. Rxe1 Qxd6 31. Qb1 Qxd5 32. Rd1 Qe4 33. Qxb5 Rxc3 34. Qb8+ Kf7 35. Qc7+ Ne7 36. Qe5 Re3 37. Qxe4 Rxe4 38. Kf2 Ke6 39. Rd8 c4 0-1

[Event "37th Zalakaros Festival 2018"]
[Site "Zalakaros"]
[Date "2018.06.01"]
[Round "8"]
[White "Tompa, Janos"]
[Black "Biro, Sandor"]
[Result "1-0"]
[ECO "B00"]
[WhiteElo "2372"]
[BlackElo "2191"]
[Annotator "NA"]
[PlyCount "71"]
[EventDate "2018.??.??"]
[EventType "swiss"]
[EventCountry "HUN"]
[SourceTitle "playchess.com"]
[Source "ChessBase"]
[SourceQuality "1"]
[TimeControl "40/5400+30:1800+30"]

1. e4 Nc6 2. Nf3 e6 3. d3 d5 4. Nbd2 Nge7 5. Be2 Ng6 6. g3 e5 7. h4 h6 8. c3 a5 $11 9. h5 Nge7 10. Nh4 Qd6 11. Bf3 Be6 12. O-O O-O-O 13. Bg4 Kb8 14. Re1 Rg8 15. a3 g6 16. hxg6 Nxg6 17. Bxe6 Qxe6 18. Nxg6 Rxg6 19. Qf3 dxe4 20. Nxe4 f5 21. Nd2 Qd7 22. Nc4 Bg7 23. Ne3 f4 24. Qe4 Qxd3 25. Qxd3 Rxd3 26. Nf1 h5 27. Kh2 Bh6 28. Kh3 Rg5 29. Bd2 h4 30. Kxh4 Ne7 31. Rad1 Nf5+ 32. Kh3 Rd6 33. gxf4 Rd3+ 34. Be3 Rxd1 35. Rxd1 exf4 36. Rd8# 1-0

[Event "37th Zalakaros Festival 2018"]
[Site "Zalakaros"]
[Date "2018.06.01"]
[Round "8"]
[White "Ostovic, Matija"]
[Black "Marosi, Levente"]
[Result "1/2-1/2"]
[ECO "A53"]
[WhiteElo "2352"]
[BlackElo "2277"]
[Annotator "NA"]
[PlyCount "103"]
[EventDate "2018.??.??"]
[EventType "swiss"]
[EventCountry "HUN"]
[SourceTitle "playchess.com"]
[Source "ChessBase"]
[SourceQuality "1"]
[TimeControl "40/5400+30:1800+30"]

1. d4 Nf6 2. c4 d6 3. Nf3 g6 4. g3 Bg7 5. Bg2 Nbd7 6. O-O O-O 7. Nc3 c6 8. Qc2 e5 9. Rd1 Re8 10. dxe5 dxe5 11. Ng5 Qc7 12. Nge4 Nxe4 13. Nxe4 {[%emt 0:00:18] LiveBook: 3 Games} Nf6 14. Nd6 Rd8 15. c5 $11 Be6 16. Bg5 h6 17. Bxf6 Bxf6 18. h4 h5 19. Rd2 Be7 20. Rad1 Bxd6 21. cxd6 Qa5 22. Qe4 Rd7 23. b4 Qb5 24. Qe3 a5 25. bxa5 Rxa5 26. Be4 Kg7 27. Qg5 Qb4 28. Bb1 e4 29. Qf4 Bd5 30. Qe5+ f6 31. Qe8 Qxd6 32. Bxe4 Rf7 33. Bxd5 Rxd5 34. Rxd5 cxd5 35. Qb5 Rd7 36. e3 Qc6 37. Qb3 f5 38. Qb2+ Qf6 39. Qxf6+ Kxf6 40. Rb1 Kg7 41. Rb6 Kh6 42. Kg2 d4 43. exd4 Rxd4 44. Rxb7 Ra4 45. Rb2 f4 46. Kf3 fxg3 47. fxg3 g5 48. Rb6+ Kg7 49. hxg5 Rxa2 50. Rh6 Ra5 51. Rxh5 Kg6 52. Rh8 1/2-1/2

[Event "37th Zalakaros Festival 2018"]
[Site "Zalakaros"]
[Date "2018.06.01"]
[Round "8"]
[White "Li, Bo"]
[Black "Szeberenyi, Adam"]
[Result "1-0"]
[ECO "D23"]
[WhiteElo "2319"]
[BlackElo "2372"]
[Annotator "NA"]
[PlyCount "93"]
[EventDate "2018.??.??"]
[EventType "swiss"]
[EventCountry "HUN"]
[SourceTitle "playchess.com"]
[Source "ChessBase"]
[SourceQuality "1"]
[TimeControl "40/5400+30:1800+30"]

1. d4 d5 2. c4 dxc4 3. Nf3 Nf6 4. Qa4+ Nc6 5. Nc3 Nd5 6. Qxc4 Nb6 7. Qd3 {[%emt 0:02:48] LiveBook: 16 Partien} e5 8. dxe5 Qxd3 9. exd3 Nb4 10. Rb1 (10. Nd4 $14) 10... Bf5 $11 11. Be3 Rd8 12. Rd1 Nxd3+ 13. Bxd3 Bxd3 14. Nd4 Bc4 15. Ndb5 Bb4 16. a3 Bxb5 17. axb4 Rxd1+ 18. Kxd1 Bc6 19. Bxb6 axb6 20. Kd2 Ke7 21. Ke3 Ke6 22. f4 g5 23. fxg5 h6 24. gxh6 Rxh6 25. Kf2 Kxe5 26. Re1+ Kd4 27. b5 Rxh2 28. bxc6 bxc6 29. Re7 b5 30. Rxc7 b4 31. Ne2+ Kc4 32. Rxc6+ Kb3 33. Rb6 Rh4 34. Rb7 Kxb2 35. Rxf7 b3 36. Rc7 Ka3 37. Ra7+ Kb2 38. Rb7 Kc2 39. Rc7+ Kd2 40. Rd7+ Kc2 41. Nd4+ Kc3 42. Nxb3 Kxb3 43. Kf3 Kc4 44. g4 Kc5 45. Kf4 Kc6 46. Rd1 Rh8 47. g5 1-0

[Event "37th Zalakaros Festival 2018"]
[Site "Zalakaros"]
[Date "2018.06.01"]
[Round "8"]
[White "Borsos, Bogdan"]
[Black "Bozinovic, Bogdan"]
[Result "1/2-1/2"]
[ECO "A46"]
[WhiteElo "2277"]
[BlackElo "2176"]
[Annotator "NA"]
[PlyCount "112"]
[EventDate "2018.??.??"]
[EventType "swiss"]
[EventCountry "HUN"]
[SourceTitle "playchess.com"]
[Source "ChessBase"]
[SourceQuality "1"]
[TimeControl "40/5400+30:1800+30"]

1. d4 Nf6 2. Nf3 c5 3. c3 e6 4. Bg5 Nc6 5. e3 h6 6. Bxf6 Qxf6 7. Nbd2 Qd8 8. Bd3 b6 9. O-O Bb7 10. a3 Be7 11. b4 O-O 12. e4 d6 13. Re1 Qc7 14. Qe2 Rfe8 15. Rac1 Rac8 16. Nf1 Nb8 17. Qd2 Nd7 18. h3 Qb8 $11 19. Ng3 cxd4 20. cxd4 Rxc1 21. Rxc1 Rc8 22. Re1 Qc7 23. Qe3 Qc3 24. d5 e5 25. Nf5 Bf8 26. Bb5 Nf6 27. Nd2 Qxe3 28. Nxe3 g6 29. f3 h5 30. Kf2 h4 31. Rd1 Rc7 32. Bc6 Nh5 33. Bxb7 Rxb7 34. Rc1 Nf4 35. Rc8 Kg7 36. Ndc4 Be7 37. Rc6 Rd7 38. Nd1 b5 39. Na5 Bd8 40. Nc3 Bxa5 41. bxa5 b4 42. axb4 Nd3+ 43. Ke2 Nxb4 44. Nb5 Kf8 45. Rc8+ Ke7 46. Rb8 Na6 47. Ra8 Nc7 48. Nxc7 Rxc7 49. Kd3 Kd7 50. a6 Ke7 51. Kd2 Kd7 52. Rh8 Rc5 53. Ra8 Rc7 54. Rf8 Ke7 55. Rh8 Rc5 56. Ra8 Rc7 1/2-1/2